 Dungeon Crawl Stone Soup version 0.25-a0-424-g80bd347ae0 (webtiles) character file.

Game seed: 894692975796834981, levelgen mode: deterministic

27 Lugonue the Poker (level 2, 0/22 HPs)
             Began as a Demonspawn Gladiator on Jan 21, 2020.
             Slain by a hobgoblin (3 damage)
             ... led by Robin
             ... on level 2 of the Dungeon.
             The game lasted 00:02:43 (777 turns).

Lugonue the Poker (Demonspawn Gladiator)             Turns: 777, Time: 00:02:44

Health: 0/22       AC:  4    Str: 14    XL:     2   Next: 93%
Magic:  2/2        EV: 13    Int:  9    God:
Gold:   78         SH:  0    Dex: 14    Spells: 1/1 levels left

rFire    . . .     SeeInvis .   a - +1 trident
rCold    . . .     Gourm    .   (no shield)
rNeg     . . .     Faith    .   b - +0 leather armour
rPois    .         Spirit   .   c - +0 helmet
rElec    .         Reflect  .   (no cloak)
rCorr    .         Harm     .   (no gloves)
MR       .....                  (no boots)
Stlth    ++........             k - amulet of the acrobat
HPRegen  0.07/turn              (no ring)
MPRegen  0.08/turn              (no ring)

@: flying (expiring)
A: nightstalker 1
a: no special abilities


You were on level 2 of the Dungeon.
You were not hungry.

You visited 1 branch of the dungeon, and saw 2 of its levels.

You collected 78 gold pieces.

Inventory:

Hand Weapons
 a - a +1 trident (weapon)
Missiles
 d - 2 throwing nets (quivered)
Armour
 b - a +0 leather armour (worn)
 c - a +0 helmet (worn)
Jewellery
 k - an amulet of the acrobat (around neck)
Scrolls
 g - 2 scrolls of enchant weapon
 j - a scroll of identify
 l - a scroll of magic mapping
Comestibles
 f - 2 rations


   Skills:
 + Level 2.1 Fighting
 + Level 3.2 Polearms
 + Level 1.9 Throwing
 + Level 0.1 Armour
 + Level 3.1 Dodging
 + Level 0.3 Stealth


You had one spell level left.
You didn't know any spells.
Your spell library was empty.

Dungeon Overview and Level Annotations

Branches:
Dungeon (2/15)

Altars:
Ashenzari

Annotations:
D:2 Robin


Innate Abilities, Weirdness & Mutations

You are slightly more attuned to the shadows.


Message History

Robin roars a battlecry!
The hobgoblin goes into a battle-frenzy!
Throwing (i - inventory)
d - 3 throwing nets (quivered)
Press: ? - help, Shift-Dir - straight line, f - adder
Aim: an adder You throw a throwing net.
The throwing net hits the adder.
The adder is caught in the net!
The adder struggles against the net.
You hit the adder.
The adder is lightly wounded.
The hobgoblin barely misses you.
The adder struggles against the net.
The hobgoblin misses you.
You puncture the adder!
The adder is almost dead.
You are starting to lose your buoyancy.
The adder struggles against the net.
Robin flexes a bicep menacingly.
The adder struggles against the net.
The net rips apart, and the adder comes free!
The hobgoblin hits you.
You die...

### ..# #$# #.#
#S# #@# #.....
##### #g#
###....
#...###g#
≈≈≈....
#.....g.# #
#.(.####..g#####
. #.#...###.##
###.#.#.).).#
#...#...#####
#.#..††.)..#


You could see Robin, an adder, a hobgoblin and a goblin (wandering).

Vanquished Creatures
  2 giant cockroaches (D:1)
  8 goblins
  5 hobgoblins
  A ball python (D:1)
  2 bats (D:1)
  3 frilled lizards
  2 kobolds
  A rat (D:1)
24 creatures vanquished.

Notes
Turn   | Place    | Note
-------+----------+-------------------------------------------
     0 | D:1      | Lugonue the Demonspawn Gladiator began the quest for the
                  | Orb.
     0 | D:1      | Reached XP level 1. HP: 16/16 MP: 1/1
   266 | D:1      | Gained mutation: You are slightly more attuned to the
                  | shadows. [demonic ancestry]
   266 | D:1      | Reached XP level 2. HP: 22/22 MP: 2/2
   411 | D:1      | Found a shattered altar of Ashenzari.
   741 | D:2      | Noticed Robin
   777 | D:2      | Slain by a hobgoblin

Levels and vault maps discovered:
D:1:      nicolae_arrival_somewhat_less_tricky_arrival, layout_loops_ring,
          minmay_misc_feat_cross, ashenzari_altar_1
D:2:      layout_loops_cross, grunt_decor_cap, uniq_robin

Skill      XL: |  1  2 |
---------------+-------+-----
Dodging        | 3 |  3.1
Polearms       | 3 |  3.2
Fighting       | |  2.1
Throwing       | |  1.9
Armour         | |  0.1
Stealth        | |  0.3

Action                   || total
-------------------------++-------
Melee: Trident           ||    85
Throw: Throwing net      ||     1
  Use: Scroll            ||     3
       Potion            ||     2
 Stab: Sleeping          ||     5
Armor: Leather armour    ||    24
Dodge: Dodged            ||    52

Table legend:
 A = Non-vault XP
 B = Vault XP
 C = Vault XP percentage of total XP
 D = Non-vault monster count
 E = Vault monster count
 F = Vault count percentage of total count
                 A         B        C        D         E       F
            +---------+---------+-------+---------+---------+-------
      Total |      25 |      14 |  35.9 |      17 |       7 |  29.2
            +---------+---------+-------+---------+---------+-------
        D:1 |      22 |       0 |   0.0 |      15 |       0 |   0.0
        D:2 |       3 |      14 |  82.4 |       2 |       7 |  77.8
            +---------+---------+-------+---------+---------+-------
